Monarchs vs Gangsters
Created - 19 janvier 2017 at 19:00
Goals
|
| Monarchs |
0 |
3 |
1 |
4 |
| Gangsters |
0 |
1 |
1 |
2 |
|
Shots
|
| Monarchs |
11 |
13 |
14 |
38 |
| Gangsters |
16 |
7 |
3 |
26 |
|
1st period
No Goal
Penalties :
Justin Faulk (MAN) for Roughing (Minor) at 9:01, Mike Condon (Bro) for Delaying the game (Minor) at 13:06 - Nathan Gerbe served the penalty
2nd period
1. Monarchs , Riley Cote 18 (Alec Martinez, Alexandre Grenier) at 4:29
2. Monarchs , Johnny Gaudreau 15 (Tyler Toffoli) at 7:43
3. Monarchs , Tyler McNeely 6 (Ryan White) at 8:57
4. Gangsters , Alexandre Bolduc 15 (Brett Ponich) at 15:07
Penalties :
Dougie Hamilton (Bro) for Hooking (Minor) at 0:22
3rd period
5. Monarchs , Johnny Gaudreau 16 (Justin Williams) at 9:08 (PP)
6. Gangsters , Stefan Noesen 6 (Maxime Sauvé, Shaun Heska) at 10:38
Penalties :
Alexandre Grenier (MAN) for Hooking (Minor) at 0:49, Dougie Hamilton (Bro) for Hooking (Minor) at 4:28, Brett Ponich (Bro) for Roughing (Minor) at 8:52, Devante Smith-Pelly (Bro) for Interference (Minor) at 11:16, Stefan Noesen (Bro) for Hooking (Minor) at 15:47
Goalie Stats
Jhonas Enroth (MAN), 24 saves from 26 shots - (0,923), W, 17-6-6, 60:00 minutes
Mike Condon (Bro), 34 saves from 38 shots - (0,895), L, 8-13-2, 60:00 minutes
Players Stats for Monarchs
Player Name G A P +/- PIM S H SB GA TA FO MP PP MP PK MP
------------------------------------------------------------------------------------
Alec Martinez 0 1 1 0 0 0 1 1 0 1 0/0 21:40 5:07 1:28
Alexandre Grenier 0 1 1 1 2 2 0 1 0 1 0/0 12:57 0:10 0:49
Anthony Peluso 0 0 0 0 0 0 2 0 0 0 1/1 8:53 0:00 0:00
Joe Morrow 0 0 0 0 0 0 0 0 0 0 0/0 3:48 0:00 0:00
Johnny Gaudreau 2 0 2 0 0 7 0 0 0 0 1/7 19:49 4:47 1:29
Jon Merrill 0 0 0 0 0 2 2 1 0 0 0/0 16:54 0:00 2:30
Justin Faulk 0 0 0 0 2 2 2 1 0 0 0/0 19:54 5:04 0:00
Justin Williams 0 1 1 0 0 1 2 0 0 0 2/2 18:05 4:57 0:00
Keaton Ellerby 0 0 0 0 0 0 2 2 0 0 0/0 24:16 5:07 2:30
Kyle Clifford 0 0 0 0 0 1 4 0 1 1 0/0 18:49 5:14 1:51
Matt Tennyson 0 0 0 1 0 0 1 1 0 0 0/0 11:34 0:00 0:00
Riley Cote 1 0 1 1 0 7 2 0 1 0 5/5 13:41 0:00 1:47
Ryan White 0 1 1 0 0 1 0 0 0 0 1/2 8:53 0:00 0:00
Shawn Matthias 0 0 0 0 0 3 2 1 2 0 7/11 17:30 5:14 0:33
Theo Peckham 0 0 0 1 0 0 1 0 0 0 0/0 13:02 0:00 1:28
Tobias Rieder 0 0 0 0 0 0 2 0 0 0 0/1 15:41 4:47 0:00
Tom Gilbert 0 0 0 0 0 2 0 0 0 1 0/0 8:56 5:04 0:00
Tyler McNeely 1 0 1 0 0 2 1 0 0 0 0/1 9:10 0:00 0:17
Tyler Toffoli 0 1 1 0 0 5 2 0 0 0 10/19 20:17 5:14 1:07
Zac Rinaldo 0 0 0 1 0 3 0 0 0 0 3/7 12:11 0:10 0:03
Players Stats for Gangsters
Player Name G A P +/- PIM S H SB GA TA FO MP PP MP PK MP
------------------------------------------------------------------------------------
Alexandre Bolduc 1 0 1 0 0 2 1 0 2 0 1/6 19:09 1:48 5:32
Austen Brassard 0 0 0 -1 0 1 0 0 0 0 0/0 6:39 0:00 0:00
Ben Holmstrom 0 0 0 -1 0 1 1 0 0 0 2/2 6:50 0:00 0:00
Brett Ponich 0 1 1 -1 2 0 1 2 0 2 0/0 20:38 0:49 4:21
Colten Teubert 0 0 0 -2 0 0 1 1 1 0 0/0 13:15 1:15 2:17
Curtis McKenzie 0 0 0 0 0 0 3 0 0 0 1/1 14:18 0:00 2:46
Dave Dziurzynski 0 0 0 0 0 1 1 0 0 0 0/1 13:07 1:48 0:00
Devante Smith-Pelly 0 0 0 0 2 1 0 0 1 0 1/1 13:29 1:48 0:00
Dougie Hamilton 0 0 0 -1 4 1 0 1 0 0 0/0 24:50 2:04 2:48
Maxime Sauvé 0 1 1 0 0 2 5 1 0 0 4/9 12:43 0:00 0:30
Michael Sdao 0 0 0 0 0 1 4 1 0 0 0/0 17:52 0:00 4:03
Mikko Lehtonen 0 0 0 0 0 0 2 0 0 0 2/4 19:44 2:10 2:12
Nathan Gerbe 0 0 0 0 0 6 2 0 0 0 8/12 22:37 2:10 4:20
Patrik Nemeth 0 0 0 1 0 0 1 2 0 1 0/0 19:51 1:54 0:45
Phillip Danault 0 0 0 -1 0 1 1 0 0 0 0/1 8:42 0:00 1:42
Ryan Johansen 0 0 0 0 0 6 2 0 0 0 6/18 21:29 2:10 3:20
Shaun Heska 0 1 1 1 0 2 0 1 0 1 0/0 23:37 1:54 6:08
Stefan Noesen 1 0 1 0 2 1 0 0 0 0 1/1 10:54 0:00 0:00
3 Stars
1 - Johnny Gaudreau (MAN)
2 - Riley Cote (MAN)
3 - Maxime Sauvé (Bro)
Power Play
Monarchs - 1 on 6 Attempt(s) - 16,67%
Gangsters - 0 on 2 Attempt(s) - 0,00%
Penalty Kill
Monarchs - 2 on 2 Attempt(s) - 100,00%
- Score 0 goal in Penalty Kill
Gangsters - 5 on 6 Attempt(s) - 83,33%
- Score 0 goal in Penalty Kill
Team Stat
Monarchs - Hits : 26 - Faceoff Wins : 30 - Blocked Shots : 8 - Penalty Minutes : 4
Gangsters - Hits : 25 - Faceoff Wins : 26 - Blocked Shots : 9 - Penalty Minutes : 12
Official
Referees : VanMassenhoven Don and Ciamaga Chris
Linesman : Pierre Champoux and David Brisebois
Game Notes
Colten Teubert is injured at 10:43 of 2nd period (Lower Body)
Finance
Level 1 -- Attendance: 1537 (76,85%) -- Ticket Income 53 795 $
Level 2 -- Attendance: 681 (68,10%) -- Ticket Income 10 215 $
Total Attendance: 2218 (73,93%)
Total Ticket Income: 64 010 $
Other Income: 3 200 $
Total Income: 67 210 $
Monarchs
5 vs 5 Forward
Center Left Wing Right Wing Time % Phy DF OF
1 Tyler Toffoli Johnny Gaudreau Justin Williams 35 0 2 3
2 Shawn Matthias Kyle Clifford Tobias Rieder 30 1 2 2
3 Zac Rinaldo Riley Cote Alexandre Grenier 25 1 2 2
4 Ryan White Tyler McNeely Anthony Peluso 10 1 2 2
5 vs 5 Defense
Defense Defense Time % Phy DF OF
1 Alec Martinez Jon Merrill 35 1 3 1
2 Keaton Ellerby Justin Faulk 35 1 3 1
3 Matt Tennyson Theo Peckham 25 1 3 1
4 Tom Gilbert Joe Morrow 5 1 3 1
PowerPlay Forward
Center Left Wing Right Wing Time % Phy DF OF
1 Johnny Gaudreau Justin Williams Tobias Rieder 60 0 1 4
2 Tyler Toffoli Kyle Clifford Shawn Matthias 40 0 1 4
PowerPlay Defense
Defense Defense Time % Phy DF OF
1 Tom Gilbert Justin Faulk 60 0 2 3
2 Keaton Ellerby Alec Martinez 40 0 2 3
Penalty Kill 4 Players Forward
Center Wing Time % Phy DF OF
1 Riley Cote Alexandre Grenier 60 1 2 2
2 Shawn Matthias Kyle Clifford 40 1 2 2
Penalty Kill 4 Players Defense
Defense Defense Time % Phy DF OF
1 Jon Merrill Keaton Ellerby 60 1 2 2
2 Alec Martinez Theo Peckham 40 1 2 2
Penalty Kill - 3 Players Forward
Forward Time % Phy DF OF
1 Riley Cote 60 1 2 2
2 Shawn Matthias 40 1 2 2
Penalty Kill - 3 Players Defense
Defense Defense Time % Phy DF OF
1 Keaton Ellerby Jon Merrill 60 1 2 2
2 Theo Peckham Alec Martinez 40 1 2 2
4 vs 4 Forward
Center Wing Time % Phy DF OF
1 Riley Cote Justin Williams 60 1 2 2
2 Shawn Matthias Johnny Gaudreau 40 1 2 2
4 vs 4 Defense
Defense Defense Time % Phy DF OF
1 Keaton Ellerby Tom Gilbert 60 1 2 2
2 Alec Martinez Matt Tennyson 40 1 2 2
Last Minutes Offensive
Center Left Wing Right Wing Defense Defense
Johnny Gaudreau Kyle Clifford Justin Williams Justin Faulk Tom Gilbert
Last Minutes Defensive
Center Left Wing Right Wing Defense Defense
Shawn Matthias Riley Cote Alexandre Grenier Alec Martinez Keaton Ellerby
Goaltenders
Starting : Jhonas Enroth
Backup : Ben Bishop
Extra Forwards
Normal : Johnny Gaudreau, Tyler Toffoli, Tobias Rieder - PP : Shawn Matthias, Zac Rinaldo - PK : Kyle Clifford
Extra Defensemen
Normal : Keaton Ellerby, Jon Merrill, Justin Faulk - PP : Joe Morrow - PK : Tom Gilbert, Matt Tennyson
Penalty Shots
Riley Cote, Justin Williams, Shawn Matthias, Johnny Gaudreau, Kyle Clifford
Gangsters
5 vs 5 Forward
Center Left Wing Right Wing Time % Phy DF OF
1 Ryan Johansen Nathan Gerbe Mikko Lehtonen 40 1 2 2
2 Alexandre Bolduc Dave Dziurzynski Devante Smith-Pelly 30 1 2 2
3 Maxime Sauvé Curtis McKenzie Stefan Noesen 20 1 2 2
4 Ben Holmstrom Phillip Danault Austen Brassard 10 1 2 2
5 vs 5 Defense
Defense Defense Time % Phy DF OF
1 Colten Teubert Dougie Hamilton 40 1 2 2
2 Shaun Heska Patrik Nemeth 30 1 2 2
3 Michael Sdao Brett Ponich 20 1 2 2
4 Colten Teubert Dougie Hamilton 10 1 2 2
PowerPlay Forward
Center Left Wing Right Wing Time % Phy DF OF
1 Ryan Johansen Nathan Gerbe Mikko Lehtonen 60 1 2 2
2 Alexandre Bolduc Dave Dziurzynski Devante Smith-Pelly 40 1 2 2
PowerPlay Defense
Defense Defense Time % Phy DF OF
1 Colten Teubert Dougie Hamilton 60 1 2 2
2 Patrik Nemeth Shaun Heska 40 1 2 2
Penalty Kill 4 Players Forward
Center Wing Time % Phy DF OF
1 Nathan Gerbe Alexandre Bolduc 60 1 2 2
2 Ryan Johansen Mikko Lehtonen 40 1 2 2
Penalty Kill 4 Players Defense
Defense Defense Time % Phy DF OF
1 Colten Teubert Shaun Heska 60 1 2 2
2 Michael Sdao Dougie Hamilton 40 1 2 2
Penalty Kill - 3 Players Forward
Forward Time % Phy DF OF
1 Nathan Gerbe 60 1 2 2
2 Alexandre Bolduc 40 1 2 2
Penalty Kill - 3 Players Defense
Defense Defense Time % Phy DF OF
1 Colten Teubert Shaun Heska 60 1 2 2
2 Michael Sdao Dougie Hamilton 40 1 2 2
4 vs 4 Forward
Center Wing Time % Phy DF OF
1 Nathan Gerbe Alexandre Bolduc 60 1 2 2
2 Ryan Johansen Mikko Lehtonen 40 1 2 2
4 vs 4 Defense
Defense Defense Time % Phy DF OF
1 Colten Teubert Shaun Heska 60 1 2 2
2 Dougie Hamilton Patrik Nemeth 40 1 2 2
Last Minutes Offensive
Center Left Wing Right Wing Defense Defense
Alexandre Bolduc Nathan Gerbe Mikko Lehtonen Colten Teubert Dougie Hamilton
Last Minutes Defensive
Center Left Wing Right Wing Defense Defense
Alexandre Bolduc Nathan Gerbe Mikko Lehtonen Colten Teubert Dougie Hamilton
Goaltenders
Starting : Mike Condon
Backup : Dustin Tokarski
Extra Forwards
Normal : Maxime Sauvé, Ben Holmstrom, Curtis McKenzie - PP : Maxime Sauvé, Ben Holmstrom - PK : Curtis McKenzie
Extra Defensemen
Normal : Dougie Hamilton, Brett Ponich, Michael Sdao - PP : Dougie Hamilton - PK : Brett Ponich, Michael Sdao
Penalty Shots
Nathan Gerbe, Alexandre Bolduc, Ryan Johansen, Mikko Lehtonen, Maxime Sauvé
% Time on Ice - Monarchs
Lines # - Real PCT - Wanted PCT - Time Play
Normal Forward
1 - 29% - 35% - 13:19
2 - 26% - 30% - 12:08
3 - 25% - 25% - 11:31
4 - 19% - 10% - 8:53
Normal Defense
1 - 32% - 35% - 14:35
2 - 35% - 35% - 16:01
3 - 25% - 25% - 11:34
4 - 8% - 5% - 3:41
PP Forward
1 - 49% - 60% - 4:57
2 - 51% - 40% - 5:14
PP Defense
1 - 50% - 60% - 5:04
2 - 50% - 40% - 5:07
PK Forward
1 - 86% - 60% - 3:25
2 - 14% - 40% - 0:33
PK Defense
1 - 63% - 60% - 2:30
2 - 37% - 40% - 1:28
PK3 Forward
1 - 0% - 60%
2 - 0% - 40%
PK3 Defense
1 - 0% - 60%
2 - 0% - 40%
44 Forward
1 - 0% - 60%
2 - 0% - 40%
44 Defense
1 - 0% - 60%
2 - 0% - 40%
Last Minute Offensive - 0:00
Last Minute Defensive - 0:00
Total
Forward - 60:00
Defense - 60:00
|
% Time on Ice - Gangsters
Lines # - Real PCT - Wanted PCT - Time Play
Normal Forward
1 - 37% - 40% - 17:10
2 - 25% - 30% - 11:19
3 - 23% - 20% - 10:43
4 - 15% - 10% - 6:39
Normal Defense
1 - 44% - 40% - 20:21
2 - 30% - 30% - 13:55
3 - 18% - 20% - 8:19
4 - 7% - 10% - 3:16
PP Forward
1 - 55% - 60% - 2:10
2 - 45% - 40% - 1:48
PP Defense
1 - 52% - 60% - 2:04
2 - 48% - 40% - 1:54
PK Forward
1 - 78% - 60% - 7:59
2 - 22% - 40% - 2:12
PK Defense
1 - 63% - 60% - 6:22
2 - 37% - 40% - 3:49
PK3 Forward
1 - 0% - 60%
2 - 0% - 40%
PK3 Defense
1 - 0% - 60%
2 - 0% - 40%
44 Forward
1 - 0% - 60%
2 - 0% - 40%
44 Defense
1 - 0% - 60%
2 - 0% - 40%
Last Minute Offensive - 0:00
Last Minute Defensive - 0:00
Total
Forward - 60:00
Defense - 60:00
|
Play by Play
1st period
0:01 of 1st period - Mikko Lehtonen wins face-off versus Tyler Toffoli in neutral zone.
0:16 of 1st period - Wrist shot by Nathan Gerbe.
0:16 of 1st period - Shot Misses the Net.
0:26 of 1st period - Alexandre Bolduc is hit by Kyle Clifford and loses puck.
0:55 of 1st period - Snap shot by Stefan Noesen.
0:55 of 1st period - Shot Blocked by Justin Faulk.
1:33 of 1st period - Wrist shot by Ryan Johansen.
1:33 of 1st period - Stopped by Jhonas Enroth with a rebound.
1:35 of 1st period - Snap shot by Michael Sdao.
1:35 of 1st period - Deflect By Matt Tennyson.
1:35 of 1st period - Stopped by Jhonas Enroth with a rebound.
1:37 of 1st period - Slapshot by Ryan Johansen.
1:37 of 1st period - Shot Misses the Net.
1:43 of 1st period - Snap shot by Nathan Gerbe.
1:43 of 1st period - Shot Blocked by Matt Tennyson.
1:57 of 1st period - Wrist shot by Kyle Clifford.
1:57 of 1st period - Stopped by Mike Condon without a rebound.
1:58 of 1st period - Shawn Matthias wins face-off versus Dave Dziurzynski in Gangsters zone.
2:59 of 1st period - Snap shot by Tyler Toffoli.
2:59 of 1st period - Stopped by Mike Condon with a rebound.
3:18 of 1st period - Patrik Nemeth is hit by Anthony Peluso and loses puck.
3:37 of 1st period - Dave Dziurzynski is hit by Jon Merrill and loses puck.
3:56 of 1st period - Snap shot by Nathan Gerbe.
3:56 of 1st period - Stopped by Jhonas Enroth without a rebound.
3:57 of 1st period - Nathan Gerbe wins face-off versus Tyler Toffoli in Monarchs zone.
5:49 of 1st period - Slapshot by Alexandre Bolduc.
5:49 of 1st period - Stopped by Jhonas Enroth with a rebound.
5:51 of 1st period - Slapshot by Dougie Hamilton.
5:51 of 1st period - Deflect By Maxime Sauvé.
5:51 of 1st period - Deflect By Kyle Clifford.
5:51 of 1st period - Shot Blocked by Shawn Matthias.
5:51 of 1st period - Puck is out of play.
5:52 of 1st period - Zac Rinaldo wins face-off versus Maxime Sauvé in Monarchs zone.
5:56 of 1st period - Off-side.
5:57 of 1st period - Riley Cote wins face-off versus Ryan Johansen in neutral zone.
6:00 of 1st period - Backhand shot by Keaton Ellerby.
6:00 of 1st period - Shot Blocked by Brett Ponich.
6:02 of 1st period - Snap shot by Zac Rinaldo.
6:02 of 1st period - Shot Misses the Net.
6:04 of 1st period - Slapshot by Zac Rinaldo.
6:04 of 1st period - Stopped by Mike Condon with a rebound.
6:22 of 1st period - Wrist shot by Nathan Gerbe.
6:22 of 1st period - Shot Misses the Net.
6:30 of 1st period - Snap shot by Johnny Gaudreau.
6:30 of 1st period - Stopped by Mike Condon with a rebound.
6:54 of 1st period - Snap shot by Shawn Matthias.
6:54 of 1st period - Stopped by Mike Condon with a rebound.
7:55 of 1st period - Snap shot by Justin Williams.
7:55 of 1st period - Shot Misses the Net.
8:11 of 1st period - Snap shot by Kyle Clifford.
8:11 of 1st period - Shot Blocked by Maxime Sauvé.
8:31 of 1st period - Slapshot by Phillip Danault.
8:31 of 1st period - Stopped by Jhonas Enroth without a rebound.
8:32 of 1st period - Ben Holmstrom wins face-off versus Tyler Toffoli in Monarchs zone.
8:41 of 1st period - Colten Teubert is hit by Justin Williams and loses puck.
9:01 of 1st period - Minor Penalty to Justin Faulk for Roughing.
9:02 of 1st period - Riley Cote wins face-off versus Nathan Gerbe in Monarchs zone.
10:03 of 1st period - Alec Martinez is hit by Ryan Johansen and loses puck.
11:01 of 1st period - Penalty to Justin Faulk is over, Justin Faulk is back on ice.
11:52 of 1st period - Slapshot by Justin Williams.
11:52 of 1st period - Shot Misses the Net.
11:54 of 1st period - Slapshot by Tom Gilbert.
11:54 of 1st period - Stopped by Mike Condon with a rebound.
11:56 of 1st period - Snap shot by Riley Cote.
11:56 of 1st period - Shot Blocked by Patrik Nemeth.
11:58 of 1st period - Wrist shot by Riley Cote.
11:58 of 1st period - Stopped by Mike Condon with a rebound.
12:00 of 1st period - Snap shot by Riley Cote.
12:00 of 1st period - Shot Misses the Net.
12:02 of 1st period - Snap shot by Alexandre Grenier.
12:02 of 1st period - Shot Misses the Net.
12:18 of 1st period - Snap shot by Ryan White.
12:18 of 1st period - Stopped by Mike Condon with a rebound.
12:20 of 1st period - Slapshot by Tyler McNeely.
12:20 of 1st period - Stopped by Mike Condon with a rebound.
12:22 of 1st period - Wrist shot by Matt Tennyson.
12:22 of 1st period - Shot Misses the Net.
12:34 of 1st period - Backhand shot by Ben Holmstrom.
12:34 of 1st period - Deflect By Austen Brassard.
12:34 of 1st period - Stopped by Jhonas Enroth without a rebound.
12:35 of 1st period - Shawn Matthias wins face-off versus Phillip Danault in Monarchs zone.
13:00 of 1st period - Keaton Ellerby is hit by Nathan Gerbe.
13:04 of 1st period - Backhand shot by Riley Cote.
13:04 of 1st period - Stopped by Mike Condon with a rebound.
13:06 of 1st period - Snap shot by Alexandre Grenier.
13:06 of 1st period - Stopped by Mike Condon without a rebound.
13:06 of 1st period - Minor Penalty to Mike Condon for Delaying the game.
13:07 of 1st period - Curtis McKenzie wins face-off versus Johnny Gaudreau in Gangsters zone.
13:07 of 1st period - Curtis McKenzie is hit by Tobias Rieder.
15:06 of 1st period - Penalty to Nathan Gerbe is over, Nathan Gerbe is back on ice.
15:27 of 1st period - Wrist shot by Maxime Sauvé.
15:27 of 1st period - Deflect By Nathan Gerbe.
15:27 of 1st period - Stopped by Jhonas Enroth with a rebound.
15:29 of 1st period - Slapshot by Nathan Gerbe.
15:29 of 1st period - Stopped by Jhonas Enroth with a rebound.
15:31 of 1st period - Snap shot by Michael Sdao.
15:31 of 1st period - Shot Blocked by Alexandre Grenier.
15:33 of 1st period - Wrist shot by Nathan Gerbe.
15:33 of 1st period - Shot Misses the Net.
15:35 of 1st period - Backhand shot by Maxime Sauvé.
15:35 of 1st period - Stopped by Jhonas Enroth without a rebound.
15:36 of 1st period - Ben Holmstrom wins face-off versus Zac Rinaldo in Monarchs zone.
15:37 of 1st period - Slapshot by Shaun Heska.
15:37 of 1st period - Stopped by Jhonas Enroth with a rebound.
16:08 of 1st period - Snap shot by Dave Dziurzynski.
16:08 of 1st period - Shot Blocked by Alec Martinez.
16:12 of 1st period - Snap shot by Alexandre Bolduc.
16:12 of 1st period - Deflect By Devante Smith-Pelly.
16:12 of 1st period - Stopped by Jhonas Enroth without a rebound.
16:13 of 1st period - Ryan Johansen wins face-off versus Tyler Toffoli in Monarchs zone.
16:18 of 1st period - Snap shot by Nathan Gerbe.
16:18 of 1st period - Stopped by Jhonas Enroth without a rebound.
16:19 of 1st period - Justin Williams wins face-off versus Ryan Johansen in Monarchs zone.
16:24 of 1st period - Snap shot by Ryan Johansen.
16:24 of 1st period - Stopped by Jhonas Enroth with a rebound.
16:26 of 1st period - Wrist shot by Nathan Gerbe.
16:26 of 1st period - Shot Misses the Net.
16:28 of 1st period - Wrist shot by Nathan Gerbe.
16:28 of 1st period - Deflect By Ryan Johansen.
16:28 of 1st period - Shot Blocked by Keaton Ellerby.
16:28 of 1st period - Puck is out of play.
16:29 of 1st period - Ryan Johansen wins face-off versus Tyler Toffoli in Monarchs zone.
16:56 of 1st period - Tobias Rieder is hit by Curtis McKenzie and loses puck.
17:24 of 1st period - Alexandre Bolduc is hit by Riley Cote and loses puck.
18:11 of 1st period - Wrist shot by Ben Holmstrom.
18:11 of 1st period - Deflect By Phillip Danault.
18:11 of 1st period - Shot Misses the Net.
18:11 of 1st period - Puck is out of play.
18:12 of 1st period - Shawn Matthias wins face-off versus Alexandre Bolduc in Monarchs zone.
18:17 of 1st period - Dave Dziurzynski is hit by Shawn Matthias and loses puck.
19:06 of 1st period - Wrist shot by Stefan Noesen.
19:06 of 1st period - Shot Misses the Net.
19:08 of 1st period - Slapshot by Shaun Heska.
19:08 of 1st period - Shot Misses the Net.
19:22 of 1st period - Snap shot by Ben Holmstrom.
19:22 of 1st period - Stopped by Jhonas Enroth without a rebound.
19:23 of 1st period - Anthony Peluso wins face-off versus Ryan Johansen in Monarchs zone.
19:30 of 1st period - Slapshot by Ryan Johansen.
19:30 of 1st period - Shot Blocked by Keaton Ellerby.
19:32 of 1st period - Wrist shot by Nathan Gerbe.
19:32 of 1st period - Stopped by Jhonas Enroth with a rebound.
19:34 of 1st period - Snap shot by Ryan Johansen.
19:34 of 1st period - Stopped by Jhonas Enroth with a rebound.
19:50 of 1st period - Icing by Keaton Ellerby.
19:51 of 1st period - Ryan White wins face-off versus Maxime Sauvé in Monarchs zone.
Goals for this period are 0 for Monarchs vs 0 for Gangsters.
Shots for this period are 11 for Monarchs vs 16 for Gangsters.
2nd period
0:01 of 2nd period - Ryan Johansen wins face-off versus Tyler Toffoli in neutral zone.
0:22 of 2nd period - Minor Penalty to Dougie Hamilton for Hooking.
0:23 of 2nd period - Nathan Gerbe wins face-off versus Johnny Gaudreau in Gangsters zone.
0:57 of 2nd period - Wrist shot by Alec Martinez.
0:57 of 2nd period - Shot Blocked by Shaun Heska.
2:22 of 2nd period - Penalty to Dougie Hamilton is over, Dougie Hamilton is back on ice.
2:32 of 2nd period - Slapshot by Dougie Hamilton.
2:32 of 2nd period - Stopped by Jhonas Enroth without a rebound.
2:33 of 2nd period - Zac Rinaldo wins face-off versus Maxime Sauvé in Monarchs zone.
3:31 of 2nd period - Slapshot by Nathan Gerbe.
3:31 of 2nd period - Shot Misses the Net.
3:33 of 2nd period - Snap shot by Ryan Johansen.
3:33 of 2nd period - Shot Misses the Net.
3:35 of 2nd period - Slapshot by Patrik Nemeth.
3:35 of 2nd period - Shot Misses the Net.
3:37 of 2nd period - Slapshot by Ryan Johansen.
3:37 of 2nd period - Stopped by Jhonas Enroth without a rebound.
3:38 of 2nd period - Shawn Matthias wins face-off versus Alexandre Bolduc in Monarchs zone.
4:29 of 2nd period - Wrist shot by Riley Cote.
4:29 of 2nd period - Goal by Riley Cote - Monarchs : 1 - Gangsters : 0.
4:30 of 2nd period - Tyler Toffoli wins face-off versus Ryan Johansen in neutral zone.
5:13 of 2nd period - Snap shot by Tyler Toffoli.
5:13 of 2nd period - Stopped by Mike Condon without a rebound.
5:14 of 2nd period - Devante Smith-Pelly wins face-off versus Shawn Matthias in Gangsters zone.
5:14 of 2nd period - Devante Smith-Pelly is hit by Alec Martinez.
5:26 of 2nd period - Alec Martinez is hit by Dave Dziurzynski and loses puck.
5:40 of 2nd period - Tobias Rieder is hit by Colten Teubert.
5:41 of 2nd period - Icing by Tobias Rieder.
5:42 of 2nd period - Shawn Matthias wins face-off versus Ryan Johansen in Monarchs zone.
6:05 of 2nd period - Shawn Matthias is hit by Maxime Sauvé and loses puck.
6:50 of 2nd period - Wrist shot by Zac Rinaldo.
6:50 of 2nd period - Deflect By Riley Cote.
6:50 of 2nd period - Shot Misses the Net.
6:50 of 2nd period - Puck is out of play.
6:51 of 2nd period - Riley Cote wins face-off versus Nathan Gerbe in Gangsters zone.
7:02 of 2nd period - Wrist shot by Riley Cote.
7:02 of 2nd period - Stopped by Mike Condon with a rebound.
7:04 of 2nd period - Snap shot by Zac Rinaldo.
7:04 of 2nd period - Shot Misses the Net.
7:06 of 2nd period - Slapshot by Riley Cote.
7:06 of 2nd period - Stopped by Mike Condon with a rebound.
7:16 of 2nd period - Nathan Gerbe is hit by Theo Peckham and loses puck.
7:41 of 2nd period - Snap shot by Justin Williams.
7:41 of 2nd period - Stopped by Mike Condon without a rebound.
7:42 of 2nd period - Tyler Toffoli wins face-off versus Alexandre Bolduc in Gangsters zone.
7:43 of 2nd period - Wrist shot by Johnny Gaudreau.
7:43 of 2nd period - Goal by Johnny Gaudreau - Monarchs : 2 - Gangsters : 0.
7:44 of 2nd period - Tyler Toffoli wins face-off versus Ryan Johansen in neutral zone.
7:53 of 2nd period - Wrist shot by Johnny Gaudreau.
7:53 of 2nd period - Shot Blocked by Colten Teubert.
8:34 of 2nd period - Zac Rinaldo is hit by Maxime Sauvé and loses puck.
8:57 of 2nd period - Snap shot by Tyler McNeely.
8:57 of 2nd period - Goal by Tyler McNeely - Monarchs : 3 - Gangsters : 0.
8:58 of 2nd period - Tyler Toffoli wins face-off versus Nathan Gerbe in neutral zone.
9:07 of 2nd period - Wrist shot by Johnny Gaudreau.
9:07 of 2nd period - Stopped by Mike Condon with a rebound.
9:09 of 2nd period - Slapshot by Justin Faulk.
9:09 of 2nd period - Stopped by Mike Condon without a rebound.
9:10 of 2nd period - Shawn Matthias wins face-off versus Ryan Johansen in Gangsters zone.
9:58 of 2nd period - Alec Martinez is hit by Curtis McKenzie and loses puck.
10:24 of 2nd period - Snap shot by Ryan Johansen.
10:24 of 2nd period - Stopped by Jhonas Enroth without a rebound.
10:25 of 2nd period - Mikko Lehtonen wins face-off versus Shawn Matthias in Monarchs zone.
10:42 of 2nd period - Colten Teubert is hit by Jon Merrill and loses puck.
10:43 of 2nd period - Colten Teubert from Gangsters is injured at 10:43 of 2nd period (Lower Body).
10:44 of 2nd period - Tyler Toffoli wins face-off versus Mikko Lehtonen in Gangsters zone.
11:27 of 2nd period - Icing by Alexandre Bolduc.
11:28 of 2nd period - Maxime Sauvé wins face-off versus Zac Rinaldo in Gangsters zone.
11:28 of 2nd period - Maxime Sauvé is hit by Riley Cote.
11:42 of 2nd period - Snap shot by Riley Cote.
11:42 of 2nd period - Stopped by Mike Condon without a rebound.
11:43 of 2nd period - Tyler Toffoli wins face-off versus Mikko Lehtonen in Gangsters zone.
11:50 of 2nd period - Wrist shot by Tyler Toffoli.
11:50 of 2nd period - Stopped by Mike Condon with a rebound.
11:56 of 2nd period - Snap shot by Johnny Gaudreau.
11:56 of 2nd period - Stopped by Mike Condon with a rebound.
12:08 of 2nd period - Shaun Heska is hit by Keaton Ellerby and loses puck.
12:33 of 2nd period - Slapshot by Maxime Sauvé.
12:33 of 2nd period - Stopped by Jhonas Enroth with a rebound.
13:35 of 2nd period - Icing by Nathan Gerbe.
13:36 of 2nd period - Ryan Johansen wins face-off versus Tyler Toffoli in Gangsters zone.
13:36 of 2nd period - Ryan Johansen is hit by Tyler Toffoli.
14:10 of 2nd period - Slapshot by Kyle Clifford.
14:10 of 2nd period - Shot Hit the Post.
14:30 of 2nd period - Ryan White is hit by Ben Holmstrom and loses puck.
15:02 of 2nd period - Jon Merrill is hit by Alexandre Bolduc and loses puck.
15:07 of 2nd period - Snap shot by Alexandre Bolduc.
15:07 of 2nd period - Goal by Alexandre Bolduc - Monarchs : 3 - Gangsters : 1.
15:08 of 2nd period - Tyler Toffoli wins face-off versus Ryan Johansen in neutral zone.
15:13 of 2nd period - Slapshot by Ryan Johansen.
15:13 of 2nd period - Shot Misses the Net.
16:06 of 2nd period - Shawn Matthias is hit by Patrik Nemeth.
16:30 of 2nd period - Justin Faulk is hit by Maxime Sauvé and loses puck.
16:49 of 2nd period - Wrist shot by Devante Smith-Pelly.
16:49 of 2nd period - Shot Misses the Net.
16:51 of 2nd period - Wrist shot by Devante Smith-Pelly.
16:51 of 2nd period - Shot Blocked by Jon Merrill.
17:25 of 2nd period - Snap shot by Zac Rinaldo.
17:25 of 2nd period - Deflect By Dougie Hamilton.
17:25 of 2nd period - Stopped by Mike Condon with a rebound.
18:03 of 2nd period - Dave Dziurzynski is hit by Anthony Peluso and loses puck.
18:36 of 2nd period - Wrist shot by Nathan Gerbe.
18:36 of 2nd period - Stopped by Jhonas Enroth without a rebound.
18:37 of 2nd period - Shawn Matthias wins face-off versus Maxime Sauvé in Monarchs zone.
18:42 of 2nd period - Jon Merrill is hit by Curtis McKenzie and loses puck.
19:04 of 2nd period - Matt Tennyson is hit by Mikko Lehtonen and loses puck.
19:21 of 2nd period - Snap shot by Shaun Heska.
19:21 of 2nd period - Stopped by Jhonas Enroth without a rebound.
19:22 of 2nd period - Riley Cote wins face-off versus Alexandre Bolduc in Monarchs zone.
19:52 of 2nd period - Kyle Clifford is hit by Nathan Gerbe and loses puck.
Goals for this period are 3 for Monarchs vs 1 for Gangsters.
Shots for this period are 13 for Monarchs vs 7 for Gangsters.
3rd period
0:01 of 3rd period - Tyler Toffoli wins face-off versus Ryan Johansen in neutral zone.
0:04 of 3rd period - Brett Ponich is hit by Keaton Ellerby and loses puck.
0:25 of 3rd period - Dougie Hamilton is hit by Kyle Clifford and loses puck.
0:49 of 3rd period - Minor Penalty to Alexandre Grenier for Hooking.
0:50 of 3rd period - Riley Cote wins face-off versus Ryan Johansen in Monarchs zone.
2:35 of 3rd period - Keaton Ellerby is hit by Ryan Johansen and loses puck.
2:49 of 3rd period - Penalty to Alexandre Grenier is over, Alexandre Grenier is back on ice.
3:05 of 3rd period - Tyler McNeely is hit by Maxime Sauvé.
3:09 of 3rd period - Tyler McNeely is hit by Maxime Sauvé and loses puck.
3:28 of 3rd period - Alexandre Grenier is hit by Michael Sdao.
3:37 of 3rd period - Theo Peckham is hit by Phillip Danault.
4:17 of 3rd period - Stefan Noesen is hit by Tyler McNeely and loses puck.
4:28 of 3rd period - Minor Penalty to Dougie Hamilton for Hooking.
4:29 of 3rd period - Nathan Gerbe wins face-off versus Johnny Gaudreau in Gangsters zone.
5:12 of 3rd period - Michael Sdao is hit by Tyler Toffoli.
5:33 of 3rd period - Backhand shot by Shawn Matthias.
5:33 of 3rd period - Stopped by Mike Condon with a rebound.
6:28 of 3rd period - Penalty to Dougie Hamilton is over, Dougie Hamilton is back on ice.
6:35 of 3rd period - Wrist shot by Shawn Matthias.
6:35 of 3rd period - Stopped by Mike Condon with a rebound.
6:37 of 3rd period - Backhand shot by Keaton Ellerby.
6:37 of 3rd period - Shot Blocked by Brett Ponich.
6:39 of 3rd period - Wrist shot by Shawn Matthias.
6:39 of 3rd period - Shot Misses the Net.
7:07 of 3rd period - Snap shot by Tyler Toffoli.
7:07 of 3rd period - Stopped by Mike Condon without a rebound.
7:08 of 3rd period - Ryan Johansen wins face-off versus Zac Rinaldo in Gangsters zone.
7:22 of 3rd period - Alexandre Grenier is hit by Michael Sdao and loses puck.
8:02 of 3rd period - Wrist shot by Maxime Sauvé.
8:02 of 3rd period - Deflect By Phillip Danault.
8:02 of 3rd period - Shot Misses the Net.
8:02 of 3rd period - Puck is out of play.
8:03 of 3rd period - Stefan Noesen wins face-off versus Tyler McNeely in Monarchs zone.
8:27 of 3rd period - Alexandre Grenier is hit by Michael Sdao and loses puck.
8:52 of 3rd period - Minor Penalty to Brett Ponich for Roughing.
8:53 of 3rd period - Johnny Gaudreau wins face-off versus Nathan Gerbe in Gangsters zone.
8:56 of 3rd period - Slapshot by Johnny Gaudreau.
8:56 of 3rd period - Stopped by Mike Condon without a rebound.
8:57 of 3rd period - Nathan Gerbe wins face-off versus Johnny Gaudreau in Gangsters zone.
9:08 of 3rd period - Snap shot by Johnny Gaudreau.
9:08 of 3rd period - Goal by Johnny Gaudreau - Monarchs : 4 - Gangsters : 1.
9:09 of 3rd period - Justin Williams wins face-off versus Alexandre Bolduc in neutral zone.
9:14 of 3rd period - Wrist shot by Johnny Gaudreau.
9:14 of 3rd period - Shot Misses the Net.
9:16 of 3rd period - Wrist shot by Tyler Toffoli.
9:16 of 3rd period - Shot Blocked by Michael Sdao.
9:25 of 3rd period - Icing by Michael Sdao.
9:26 of 3rd period - Alexandre Bolduc wins face-off versus Shawn Matthias in Gangsters zone.
9:51 of 3rd period - Alexandre Bolduc is hit by Justin Williams and loses puck.
10:15 of 3rd period - Snap shot by Zac Rinaldo.
10:15 of 3rd period - Deflect By Riley Cote.
10:15 of 3rd period - Stopped by Mike Condon with a rebound.
10:17 of 3rd period - Snap shot by Alexandre Grenier.
10:17 of 3rd period - Stopped by Mike Condon with a rebound.
10:26 of 3rd period - Off-side.
10:27 of 3rd period - Maxime Sauvé wins face-off versus Ryan White in neutral zone.
10:27 of 3rd period - Patrik Nemeth is hit by Justin Faulk and loses puck.
10:36 of 3rd period - Wrist shot by Maxime Sauvé.
10:36 of 3rd period - Shot Misses the Net.
10:38 of 3rd period - Wrist shot by Stefan Noesen.
10:38 of 3rd period - Goal by Stefan Noesen - Monarchs : 4 - Gangsters : 2.
10:39 of 3rd period - Tyler Toffoli wins face-off versus Ryan Johansen in neutral zone.
10:43 of 3rd period - Slapshot by Jon Merrill.
10:43 of 3rd period - Stopped by Mike Condon with a rebound.
10:45 of 3rd period - Slapshot by Jon Merrill.
10:45 of 3rd period - Stopped by Mike Condon with a rebound.
10:47 of 3rd period - Snap shot by Tyler Toffoli.
10:47 of 3rd period - Shot Blocked by Patrik Nemeth.
10:49 of 3rd period - Slapshot by Tyler Toffoli.
10:49 of 3rd period - Stopped by Mike Condon without a rebound.
10:50 of 3rd period - Ryan Johansen wins face-off versus Tyler Toffoli in Gangsters zone.
11:16 of 3rd period - Minor Penalty to Devante Smith-Pelly for Interference.
11:17 of 3rd period - Nathan Gerbe wins face-off versus Johnny Gaudreau in Gangsters zone.
11:42 of 3rd period - Nathan Gerbe is hit by Kyle Clifford and loses puck.
13:16 of 3rd period - Penalty to Devante Smith-Pelly is over, Devante Smith-Pelly is back on ice.
13:18 of 3rd period - Wrist shot by Ryan Johansen.
13:18 of 3rd period - Stopped by Jhonas Enroth with a rebound.
13:26 of 3rd period - Snap shot by Alexandre Bolduc.
13:26 of 3rd period - Shot Misses the Net.
13:55 of 3rd period - Shaun Heska is hit by Matt Tennyson and loses puck.
14:33 of 3rd period - Johnny Gaudreau is hit by Michael Sdao and loses puck.
14:38 of 3rd period - Wrist shot by Dave Dziurzynski.
14:38 of 3rd period - Stopped by Jhonas Enroth without a rebound.
14:39 of 3rd period - Maxime Sauvé wins face-off versus Shawn Matthias in Monarchs zone.
15:39 of 3rd period - Backhand shot by Zac Rinaldo.
15:39 of 3rd period - Stopped by Mike Condon without a rebound.
15:40 of 3rd period - Tyler Toffoli wins face-off versus Maxime Sauvé in Gangsters zone.
15:45 of 3rd period - Backhand shot by Johnny Gaudreau.
15:45 of 3rd period - Stopped by Mike Condon with a rebound.
15:47 of 3rd period - Minor Penalty to Stefan Noesen for Hooking.
15:48 of 3rd period - Nathan Gerbe wins face-off versus Tobias Rieder in Gangsters zone.
15:48 of 3rd period - Nathan Gerbe is hit by Tobias Rieder.
15:57 of 3rd period - Off-side.
15:58 of 3rd period - Nathan Gerbe wins face-off versus Johnny Gaudreau in neutral zone.
16:17 of 3rd period - Wrist shot by Justin Williams.
16:17 of 3rd period - Shot Misses the Net.
16:19 of 3rd period - Slapshot by Tom Gilbert.
16:19 of 3rd period - Stopped by Mike Condon with a rebound.
16:21 of 3rd period - Snap shot by Justin Faulk.
16:21 of 3rd period - Stopped by Mike Condon without a rebound.
16:22 of 3rd period - Nathan Gerbe wins face-off versus Tyler Toffoli in Gangsters zone.
16:22 of 3rd period - Nathan Gerbe is hit by Kyle Clifford.
16:27 of 3rd period - Brett Ponich is hit by Justin Faulk and loses puck.
17:28 of 3rd period - Brett Ponich is hit by Shawn Matthias and loses puck.
17:47 of 3rd period - Penalty to Stefan Noesen is over, Stefan Noesen is back on ice.
18:22 of 3rd period - Alexandre Grenier is hit by Brett Ponich and loses puck.
18:55 of 3rd period - Tyler Toffoli is hit by Mikko Lehtonen and loses puck.
19:10 of 3rd period - Icing by Mikko Lehtonen.
19:11 of 3rd period - Zac Rinaldo wins face-off versus Ryan Johansen in Gangsters zone.
19:12 of 3rd period - Snap shot by Riley Cote.
19:12 of 3rd period - Deflect By Dougie Hamilton.
19:12 of 3rd period - Shot Blocked by Dougie Hamilton.
19:12 of 3rd period - Puck is out of play.
19:13 of 3rd period - Maxime Sauvé wins face-off versus Zac Rinaldo in Gangsters zone.
Goals for this period are 1 for Monarchs vs 1 for Gangsters.
Shots for this period are 14 for Monarchs vs 3 for Gangsters.
Back to the Top